 Dungeon Crawl Stone Soup version 0.17-a0-1420-geb41feb (webtiles) character file.

122 Kisielow the Slasher (level 4, 0/39 HPs)
             Began as a Minotaur Fighter on June 24, 2015.
             Slain by a shadow (5 damage)
             ... created by the darkness of Dithmenos
             ... on level 3 of the Dungeon.
             The game lasted 00:05:04 (2267 turns).

Kisielow the Slasher (Minotaur Fighter)             Turns: 2267, Time: 00:05:04

Health: 0/39       AC:  8    Str: 25    XL:     4   Next: 78%
Magic:  3/3        EV:  7    Int:  5    God:
Gold:   164        SH:  9    Dex:  9    Spells: 0 memorised, 3 levels left

rFire  . . .     SeeInvis .     a - +1 long sword
rCold  + . .     Clarity  .     b - +0 scale mail
rNeg   . . .     SustAt   .     c - +0 shield
rPois  .         Gourm    .     (helmet restricted)
rElec  .         Spirit   .     j - +0 cloak
rCorr  .         Warding  .     (no gloves)
rMut   .         Stasis   .     (no boots)
MR     .....                    (no amulet)
Stlth  ..........               o - ring of protection from cold
                                m - +3 ring of strength

@: slowed, very slow, not resistant to hostile enchantments, extremely
unstealthy
A: retaliatory headbutt, horns 2
a: no special abilities


You were on level 3 of the Dungeon.
You were very hungry.

You visited 1 branch of the dungeon, and saw 3 of its levels.

You collected 164 gold pieces.

Inventory:

Hand weapons
 a - a +1 long sword (weapon)
Armour
 b - a +0 scale mail (worn)
 c - a +0 shield (worn)
 j - a +0 cloak (worn)
Jewellery
 m - a +3 ring of strength (left hand)
 o - a ring of protection from cold (right hand)
 v - an uncursed ring of magical power
Magical devices
 x - a wand of magic darts (29)
Scrolls
 n - 4 scrolls of remove curse
 r - a scroll of blinking
 s - a scroll of fog {unknown}
 y - a scroll of enchant weapon
 z - a scroll of identify
 B - a scroll of random uselessness {unknown}
Potions
 d - a potion of might
 f - a potion of heal wounds {unknown}
 k - 5 potions of curing
 l - a potion of cancellation {unknown}
 p - a potion of haste {unknown}
 q - 2 potions of flight {unknown}
 u - a potion of ambrosia {unknown}
 A - a potion of degeneration {unknown}
Comestibles
 e - 3 bread rations
 g - 2 fruits
 h - 2 chunks of flesh
 i - 2 meat rations
 t - a royal jelly
 w - a slice of pizza


   Skills:
 - Level 3.6 Fighting
 + Level 6.1 Long Blades
 - Level 3.6 Armour
 - Level 3.6 Shields


You had 3 spell levels left.
You didn't know any spells.

Dungeon Overview and Level Annotations

Branches:
Dungeon (3/15)

Altars:
Cheibriados
Dithmenos
Elyvilon
Fedhas
Trog
Vehumet


Innate Abilities, Weirdness & Mutations

You reflexively headbutt those who attack you in melee.
You have a pair of horns on your head.


Message History

Dithmenos calls forth shadows to punish you.
The divine experience leaves you feeling exhausted!
You feel yourself slow down. 4 shadows come into view.
You barely miss the shadow. Your headbutt misses the shadow.
You slash the shadow!
The shadow is heavily damaged.
The shadow barely misses you. You block the shadow's attack.
You block the shadow's attack.
You hit the shadow. Your headbutt misses the shadow.
The shadow is severely damaged.
The shadow hits you. You block the shadow's attack. The shadow hits you.
The shadow hits you. x2
The shadow completely misses you. The shadow hits you! The shadow hits you.
You closely miss the shadow. Your headbutt misses the shadow.
The shadow is severely damaged.
The shadow hits you. The shadow hits you! The shadow hits you!
* * * LOW HITPOINT WARNING * * *
The shadow hits you.
You die...

.###....##...###...#...).........
###.....#....[...................
##...##.............#............
.....###.)........#..............
............).....#..............
....####...............#####.###.
..### #......(........# #.# ##
### ###.......W.W.....#####.# # #
##.........W@W..#........# #
####.(###....>.###.#......######
##....## ######## #.#.##.#....##.
...#### ######..<#...###.... ####
#............######. #
#.#....##.....# #. #
#...#..#..#...# #. #
#..###...###..# #.
#...#..#..#...# #.


You could see 4 shadows.

Vanquished Creatures
  A scorpion (D:3)
  2 worms
  2 giant geckos (D:3)
  3 giant cockroaches
  8 goblins
  10 hobgoblins
  3 jackals (D:3)
  10 kobolds
  A ball python (D:2)
  9 bats
  7 giant newts
  9 rats
65 creatures vanquished.

Notes
Turn   | Place    | Note
--------------------------------------------------------------
     0 | D:1      | Kisielow the Minotaur Fighter began the quest for the Orb.
     0 | D:1      | Reached XP level 1. HP: 19/19 MP: 0/0
   129 | D:1      | Reached XP level 2. HP: 17/26 MP: 1/1
   423 | D:1      | Reached skill level 4 in Long Blades
  1027 | D:2      | Reached XP level 3. HP: 31/31 MP: 2/2
  1734 | D:3      | Found a shadowy altar of Dithmenos.
  1762 | D:3      | Found a blossoming altar of Fedhas.
  1763 | D:3      | Found a radiant altar of Vehumet.
  1763 | D:3      | Found a bloodstained altar of Trog.
  1763 | D:3      | Found a white marble altar of Elyvilon.
  1780 | D:3      | Found a snail-covered altar of Cheibriados.
  1854 | D:3      | Noticed a scorpion
  1855 | D:3      | Found a faded altar to an unknown god.
  1857 | D:3      | Found a blossoming altar of Fedhas.
  1867 | D:3      | Killed a scorpion
  1867 | D:3      | Reached skill level 5 in Long Blades
  1867 | D:3      | Reached XP level 4. HP: 28/39 MP: 3/3
  1916 | D:3      | Became a worshipper of Dithmenos the Shadowed
  1955 | D:3      | Fell from the grace of Dithmenos
  1995 | D:3      | Reached skill level 6 in Long Blades
  2264 | D:3      | Noticed a shadow
  2264 | D:3      | Noticed a shadow
  2264 | D:3      | Noticed a shadow
  2264 | D:3      | Noticed a shadow
  2267 | D:3      | Slain by a shadow

Vault maps used:
D:1:      dpeg_arrival_orchard, supply_closet_lemuel, serial_bayou_pond_b
D:3:      overflow_temple_1_default, grunt_temple_overflow_open,
          ecumenical_altar_1, first_bread, nrook_loot_triangle,
          mrwooster_statue_mirror, minmay_strange_pillars, fedhas_altar_1

Action                   |  1- 3 |  4- 6 || total
-------------------------+-------+-------++-------
Melee: Long sword        |   123 |    41 ||   164
Invok: Renounce Religion |       |     1 ||     1
  Use: Scroll            |     6 |       ||     6
  Eat: Chunk             |     1 |     2 ||     3
